AoeStats
← Xilex

Arabia

510041218Analyzed
2v2 RM · 2d ago on Sep 29, 2026· 22m 0s· 4 players
Game mode
Random Map
Map size
Medium (4 player)
Population
200
Speed
Normal
Resources
Standard
Victory
Conquest
Starting age
Dark Age
Ending age
Imperial Age
RankedLock teamsTeams togetherTeam positionsShared explorationLock speedFull tech treeHidden civsTurbo modeCheats
Victory
Defeat
🇺🇸 Ethiopians · United States
1259
+13
🇺🇸 Danes · United States
1218
+14
🇲🇽 Cumans · Mexico
1205
-14
🇦🇺 Wei · Australia
1159
-13
dani_guzmam13
6:34 Loom
9:16 Feudal Age
10:25 Double-Bit Axe
19:32 Fletching
23:08 Castle Age
21:54 Wheelbarrow
21:58 Padded Archer Armor
Ashweight
5:45 Loom
9:53 Feudal Age
10:29 Double-Bit Axe
10:25 Horse Collar
10:42 Gold Mining
20:11 Stone Mining
Xilex
6:01 Loom
8:57 Feudal Age
8:59 Man-at-Arms
11:08 Scale Mail Armor
11:41 Arson
20:10 Castle Age
20:16 Long Swordsman
21:34 Forging
Boleslaw
7:04 Loom
9:23 Feudal Age
15:23 Fletching
15:31 Double-Bit Axe
15:28 Horse Collar
19:02 Wheelbarrow
21:41 Castle Age
Connection lost

Rejoining the realm…

Still unreachable

The connection could not be restored.

Session expired

The server has moved on; the page needs a fresh start.